K2, chaotic male elven Wizard ---------- -------------- |........| |............| |........| ##.............| |........| # |............| --.----.-- ####+............| # `# # |............| ------- # #### ----.--------- |.....| ## ### # ##....<.. ---.-- #### # # |.....| |....| # ############# ### ------- |.....## -.-.-.-########### |....| |......######## ------ |..F@.| |....(.#### ------- K2 the Conjurer Experience level: 3 Strength: 14 Dexterity: 11 Constitution: 13 Intelligence: 19 Wisdom: 9 Charisma: 10 Health: 0(20) Energy: 25(25) Def: 1 Gold: 252 Moves: 1064 Dungeon seed: cBJ2NZD2XI77-OQB Game ID: K2_1481179523 Your Inventory: Coins $ - 252 gold pieces Weapons a - a blessed +1 quarterstaff (alternate weapon; not wielded) w - a cursed +0 elven dagger (weapon in hand) Armor A - an uncursed +0 cloak of magic resistance (being worn) Comestibles o - 3 uncursed food rations q - an uncursed pancake Scrolls j - 2 uncursed scrolls of confuse monster s - a blessed scroll of punishment u - an uncursed scroll of destroy armor y - an uncursed scroll of taming Spellbooks l - an uncursed spellbook of protection x - a blessed spellbook of force bolt z - an uncursed spellbook of create monster Potions f - an uncursed potion of booze h - an uncursed potion of confusion m - an uncursed potion of gain level t - an uncursed potion of see invisible Rings c - an uncursed ring of protection from shape changers d - an uncursed ring of polymorph control B - an uncursed ring of see invisible Wands b - an uncursed wand of teleportation (0:6) p - an uncursed wand of secret door detection (0:11) C - a blessed wand of lightning (0:7) Tools g - an uncursed blindfold k - an uncursed skeleton key n - an uncursed leather drum Spells and supernatural/magical abilities: Name Level Category Fail Memory a - force bolt 1 attack 0% 95% p - protection 1 clerical 0% 95% W - pray for help -- divine ? -- Your skills at the end: Fighting Skills wands [Basic] Weapon Skills quarterstaff [Basic] Spellcasting Skills attack spells [Basic] enchantment spells [Basic] Final Attributes: You were piously aligned. You were magic-protected. You saw invisible. You had infravision. You are dead. Vanquished creatures: 2 water moccasins a hobbit a gecko 3 jackals a goblin 2 sewer rats 2 grid bugs a lichen 4 newts 17 creatures vanquished. Voluntary challenges: You were an atheist. You used a wielded weapon 14 times, starting on turn 5. You read items or engraved 1 time, starting on turn 1061. You never genocided any monsters. You never polymorphed an object. You never changed form. You used no wishes. You never split a pudding. You never wrote Elbereth's name. You never violated your personal moral code. You abstained from Elbereth's help. Dungeon overview: The Dungeons of Doom: levels 1 to 3 Level 1 a fountain a long staircase Level 2 some fountains, a sink Level 3 <- You were here History has recorded: On T:1 you entered the Dungeons of Doom to retrieve the Amulet of Yendor! On T:424 you reached level 2 of The Dungeons of Doom. On T:816 you advanced to experience level 2. On T:919 you reached level 3 of The Dungeons of Doom. On T:986 you advanced to experience level 3. Score breakdown: Gold: 252 ( 8174 points) Experience: 3 levels ( 7878 points) Exploration: 3 levels ( 6.00%) ( 6060 points) Discoveries: 9 items ( 3.21%) ( 5378 points) Valuables value: (no points given unless you survive) Artifact value: 0 ( 0 points) Variety of kills: 9 monsters ( 2.35%) ( 4598 points) Turncount: 1064 turns ( 0 points) Survival: died (score multiplied by 80%) Total score: 25670 Latest messages: y - a scroll labeled KERNOD WEL. z - a leather-bound spellbook. B - a jade ring. C - a marble wand. As you read the scroll, it disappears. This is an identify scroll. k - an uncursed skeleton key. o - 3 uncursed food rations. p - an uncursed wand of secret door detection (0:11). q - an uncursed pancake. s - a blessed scroll of punishment. t - an uncursed potion of see invisible. u - an uncursed scroll of destroy armor. w - a cursed +0 elven dagger (weapon in hand). y - an uncursed scroll of taming. z - an uncursed spellbook of create monster. B - an uncursed ring of see invisible. C - a blessed wand of lightning (0:7). You miss the brown mold. You are suddenly very cold! You die... Final status: Goodbye K2 the Wizard, killed by a brown mold... You died in The Dungeons of Doom on dungeon level 3 with 25670 points, and 252 pieces of gold, after 1064 moves. You were level 3 with a maximum of 20 hit points when you died.